 Dungeon Crawl Stone Soup version 0.29.1-12-g30fa7ad0bf (webtiles) character file.

Game seed: 16539304898135602062

137 devnull the Grave Robber (level 5, 0/35 HPs)
             Began as a Demonspawn Necromancer on Jan 14, 2023.
             Killed from afar by Ijyb (11 damage)
             ... with a bolt of acid
             ... on level 4 of the Dungeon.
             The game lasted 00:14:47 (5066 turns).

devnull the Grave Robber (Demonspawn Necromancer)   Turns: 5066, Time: 00:14:47

Health: 0/35       AC:  4    Str:  8    XL:     5   Next: 0%
Magic:  2/8        EV: 12    Int: 18    God:
Gold:   104        SH:  0    Dex: 14    Spells: 2/8 levels left

rFire   . . .      SeeInvis .   f - +0 whip
rCold   . . .      Faith    .   (no shield)
rNeg    . . .      Spirit   .   a - +0 robe
rPois   .          Reflect  .   (no helmet)
rElec   .          Harm     .   (no cloak)
rCorr   .          Rampage  .   (no gloves)
Will    .....                   (no boots)
Stlth   ++........              g - amulet of the acrobat
HPRegen 0.11/turn               (no ring)
MPRegen 0.11/turn               (no ring)

@: no status effects
A: hooves 1, molten scales 1, powered by pain 1
a: no special abilities


You were on level 4 of the Dungeon.
You visited 1 branch of the dungeon, and saw 4 of its levels.

You collected 104 gold pieces.

Inventory:

Hand Weapons
 f - a +0 whip (weapon)
Armour
 a - a +0 robe (worn)
 j - an orb of light
 k - a +0 scale mail
Jewellery
 e - a ring of willpower
 g - an amulet of the acrobat (around neck)
 i - a ring of ice
Scrolls
 c - a scroll of identify
 h - a scroll of immolation
 l - a scroll of noise {unknown}
Potions
 b - 2 potions of magic


   Skills:
 - Level 1.7 Dodging
 - Level 1.7 Stealth
 - Level 2.0 Spellcasting
 + Level 7.0 Necromancy


You had 2 spell levels left.
You knew the following spells:

 Your Spells              Type           Power      Damage    Failure   Level
a - Necrotise             Necr           100%       1d9       1%          1
b - Vampiric Draining     Necr           27%        2d7       3%          3
e - Sublimation of Blood  Necr           27%        N/A       1%          2

Your spell library contained the following spells:

 Spells                   Type           Power      Damage    Failure   Level
 Animate Dead             Necr           27%        N/A       10%         4
 Agony                    Necr           27%        N/A       28%         5
 Petrify                  Tmut/Erth      1%         N/A       87%         4
 Irradiate                Conj/Tmut      0%         3d11      99%         5


Dungeon Overview and Level Annotations

Branches:
Dungeon (4/15)
 Temple: D:4-7

Altars:

Shops:
D:3 :

Annotations:
D:3 exclusion: ogre
D:4 Ijyb


Innate Abilities, Weirdness & Mutations

You have large cloven feet.
You are partially covered in molten scales. (AC +2)
You sometimes gain a little power by taking damage.


Message History

Ijyb is severely wounded.
Ijyb zaps a wand.
The bolt of acid hits you.
You barely miss Ijyb. You kick Ijyb, but do no damage.
Ijyb is heavily wounded.
Ijyb barely misses you.
You hit Ijyb but do no damage. Your kick misses Ijyb.
Ijyb is heavily wounded.
Ijyb hits you with a +0 dagger.
Ijyb zaps a wand.
The bolt of acid hits you!
* * * LOW HITPOINT WARNING * * *
Casting: Sublimation of Blood (safe; 1% risk of failure)
Confirm with . or Enter, or press ? or * to list all spells.
You don't have enough magic to cast this spell.
Unknown command.
You feel better. Ijyb hits you with a +0 dagger.
* * * LOW HITPOINT WARNING * * *
You feel better. Ijyb barely misses you.
Casting: Sublimation of Blood (safe; 1% risk of failure)
Confirm with . or Enter, or press ? or * to list all spells.
You draw magical energy from your own body!
Ijyb screams, "Me stronger than you!"
Ijyb zaps a wand.
The bolt of acid misses you.
You hit Ijyb. Your kick misses Ijyb.
Ijyb is severely wounded.
Ijyb hits you with a +0 dagger.
You barely miss Ijyb. You kick Ijyb.
Ijyb is severely wounded.
Ijyb hits you with a +0 dagger.
You hit Ijyb. You kick Ijyb, but do no damage.
Ijyb is almost dead.
Ijyb hits you with a +0 dagger.
You hit Ijyb but do no damage.
Ijyb is almost dead.
Ijyb barely misses you.
You miss Ijyb. Your kick misses Ijyb.
Ijyb is almost dead.
Ijyb completely misses you.
You barely miss Ijyb.
Ijyb is almost dead.
Ijyb zaps a wand.
The bolt of acid hits you!
You die...

# .. #+#
#.### #.#
....# #g#
#..####@#
#......#
###..###
######..#
......>.###
.###......#
#......#
#......#
...###)..####


You could see Ijyb.

Vanquished Creatures
  2 iguanas (D:3)
  3 adders
  A worm (D:2)
  2 dart slugs
  An orc (D:3)
  3 endoplasms
  A giant cockroach (D:1)
  5 goblins
  6 hobgoblins
  2 jackals (D:1)
  2 kobolds (D:3)
  4 quokkas
  5 ball pythons
  5 bats
  4 frilled lizards
  3 rats (D:1)
49 creatures vanquished.

Vanquished Creatures (collateral kills)
  A goblin (D:1)
  A ball python (D:1)
  A bat (D:1)
3 creatures vanquished.

Grand Total: 52 creatures vanquished

Notes
Turn   | Place    | Note
-------+----------+-------------------------------------------
     0 | D:1      | devnull the Demonspawn Necromancer began the quest for the
                  | Orb.
     0 | D:1      | Reached XP level 1. HP: 13/13 MP: 3/3
   714 | D:1      | Gained mutation: You sometimes gain a little power by
                  | taking damage. [demonic ancestry]
   714 | D:1      | Reached XP level 2. HP: 16/19 MP: 3/5
   875 | D:1      | Reached skill level 5 in Necromancy
  2414 | D:2      | Gained mutation: You have large cloven feet. [demonic
                  | ancestry]
  2414 | D:2      | Reached XP level 3. HP: 11/24 MP: 0/6
  2912 | D:2      | Noticed a phantom
  3227 | D:3      | Found Qics's Book Boutique.
  3239 | D:3      | Noticed an ogre
  3319 | D:3      | Reached skill level 6 in Necromancy
  3319 | D:3      | Gained mutation: You are partially covered in molten
                  | scales. (AC +2) [demonic ancestry]
  3319 | D:3      | Reached XP level 4. HP: 30/30 MP: 2/7
  3325 | D:3      | Learned a level 3 spell: Vampiric Draining
  3431 | D:3      | Learned a level 2 spell: Sublimation of Blood
  4966 | D:4      | Noticed Ijyb
  4983 | D:4      | Reached skill level 7 in Necromancy
  4983 | D:4      | Reached XP level 5. HP: 29/35 MP: 1/8
  5066 | D:4      | Killed from afar by Ijyb

Illustrated notes

Levels and vault maps discovered:
D:1:      matt_arrival_grand_opening, layout_loops_ring
D:2:      minmay_angry_zag, layout_basic, basic_altar, serial_co_window_serial,
          co_window_paths_b, co_window_cross_1, co_window_paths_b,
          co_window_corner_a, co_window_paths_b, co_window_cross_1,
          co_window_paths_a, co_window_paths_c, co_window_broadway_c,
          co_window_of_opportunity_b, co_window_paths_c, co_window_corner_cb,
          co_window_paths_d, glass_columns_b
D:3:      layout_rooms, serial_shops, nicolae_shop_stone, minmay_pentomino_pile
D:4:      layout_basic, uniq_duvessa, uniq_ijyb

Skill      XL: |  1  2  3  4 |
---------------+-------------+-----
Necromancy     | 5 6 7 |  7.0
Dodging        | |  1.7
Stealth        | |  1.7
Spellcasting   | |  2.0

Action                   |  1- 3 |  4- 6 || total
-------------------------+-------+-------++-------
Melee: Unarmed           |    25 |       ||    25
       Punch             |     2 |     1 ||     3
       Whip              |    51 |    81 ||   132
       Kick              |     2 |    20 ||    22
 Cast: Necrotise         |    41 |     6 ||    47
       Vampiric Draining |       |    10 ||    10
       Sublimation of Bl |       |     4 ||     4
  Use: Potion            |     2 |     2 ||     4
       Scroll            |     1 |     1 ||     2
 Stab: Sleeping          |     3 |     4 ||     7
Armor: Robe              |    26 |    12 ||    38
Dodge: Dodged            |   124 |    58 ||   182
